 Dungeon Crawl Stone Soup version 0.30-a0-972-gf3ab3527aa (webtiles) character file.

Game seed: 4557051744667824757

113 vcosmic11 the Covered (level 4, -3/40 HPs)
             Began as an Armataur Fighter on Mar 31, 2023.
             Slain by an ogre
             ... wielding a +0 giant spiked club
              (20 damage)
             ... on level 4 of the Dungeon.
             The game lasted 00:14:30 (1633 turns).

vcosmic11 the Covered (Armataur Fighter)            Turns: 1633, Time: 00:14:31

Health: -3/40      AC:  7    Str: 23    XL:     4   Next: 65%
Magic:  4/4        EV:  7    Int:  8    God:
Gold:   92         SH:  4    Dex: 10    Spells: 3/3 levels left

rFire   . . .      SeeInvis .    a - +0 short sword
rCold   . . .      Faith    +    c - +0 buckler
rNeg    . . .      Spirit   .    b - +0 scale mail
rPois   .          Reflect  .    (no helmet)
rElec   .          Roll     +    (no cloak)
rCorr   .                        (no gloves)
Will    .....                    (no barding) Stlth
                                 e - amulet of faith
HPRegen 0.26/turn                (no ring)
MPRegen 0.09/turn                (no ring)

@: no status effects
A: large, rugged brown scales 3, deformed body, armoured tail, roll, long
tongue, awkward tongue
a: no special abilities


You were on level 4 of the Dungeon.
You visited 1 branch of the dungeon, and saw 4 of its levels.

You collected 92 gold pieces.

Inventory:

Hand Weapons
 a - a +0 short sword (weapon)
 g - a +0 mace
 m - a +0 spear
Armour
 b - a +0 scale mail (worn)
 c - a +0 buckler (worn)
Jewellery
 e - an amulet of faith (around neck)
Scrolls
 i - a scroll of torment
 k - a scroll of identify
Potions
 d - a potion of might
 f - 3 potions of attraction
 h - 3 potions of heal wounds
 j - a potion of curing {unknown}
 l - a potion of brilliance {unknown}


   Skills:
 + Level 3.3 Fighting
 + Level 0.6 Short Blades
 + Level 2.4 Maces & Flails
 + Level 4.8 Armour
 + Level 0.6 Dodging
 + Level 0.1 Stealth
 + Level 3.6 Shields


You had 3 spell levels left.
You didn't know any spells.
Your spell library was empty.

Dungeon Overview and Level Annotations

Branches:
Dungeon (4/15)             Temple (0/1) D:4

Altars:
Okawaru


Innate Abilities, Weirdness & Mutations

You are completely covered in rugged brown scales. (AC +3, +7% HP)
Armour fits poorly on your strangely shaped body.
You have a long armoured tail.
You roll when moving toward enemies. (Rampage)
Your long tongue fully drains potion bottles. (2x potion effects)
Your tongue gives you trouble enunciating. (1.5x scroll delay)


Message History

The endoplasm hits you. The hobgoblin hits you.
The hobgoblin attacks as you move away!
The hobgoblin hits you but does no damage.
Found 9 gold pieces.
You hit the ogre but do no damage. You block the ogre's attack.
You hit the ogre but do no damage. The ogre barely misses you.
The hobgoblin hits you.
You hit the ogre.
The ogre is lightly wounded.
The hobgoblin hits you.
You hit the ogre.
The ogre is lightly wounded.
The ogre hits you with a +0 giant spiked club.
The hobgoblin closely misses you.
You hit the ogre. You tail-slap the ogre!
The ogre is heavily wounded.
The ogre barely misses you.
The hobgoblin hits you but does no damage.
You hit the ogre.
The ogre is heavily wounded.
The hobgoblin hits you but does no damage.
You hit the ogre.
The ogre is severely wounded.
You block the ogre's attack. The hobgoblin barely misses you.
You hit the ogre.
The ogre is severely wounded.
The ogre closely misses you.
The hobgoblin hits you but does no damage.
You hit the ogre.
The ogre is almost dead.
The hobgoblin hits you.
You hit the ogre.
Your tail-slap misses the ogre.
The ogre is almost dead.
The ogre hits you with a +0 giant spiked club!
The hobgoblin completely misses you.
You hit the ogre but do no damage.
The ogre is almost dead.
The ogre hits you with a +0 giant spiked club!!
Ouch! That really hurt!
You die...

#....#.......
####.<.......
#...⌠.......
###...........
#...⌠.>.⌠..###
#.#...!....##
.##.#..J⌠......
.....##O#.....##
.....$.@g....##
.......#######
..>.... .......
8...8.$ ..#....
.###.#. ....


You could see an ogre, an endoplasm and a hobgoblin.

Vanquished Creatures
  Robin (D:2)
  2 gnolls (D:3)
  4 adders
  A dart slug (D:4)
  2 orcs (D:3)
  5 endoplasms
  A giant cockroach (D:2)
  12 goblins
  4 hobgoblins (D:2)
  A quokka (D:2)
  3 frilled lizards
  5 kobolds
  3 rats
44 creatures vanquished.

Vanquished Creatures (others)
  4 fungi (D:1)
  2 plants (D:1)
6 creatures vanquished.

Grand Total: 50 creatures vanquished

Notes
Turn   | Place    | Note
-------+----------+-------------------------------------------
     0 | D:1      | vcosmic11 the Armataur Fighter began the quest for the Orb.
     0 | D:1      | Reached XP level 1. HP: 19/19 MP: 1/1
   318 | D:2      | Reached XP level 2. HP: 26/26 MP: 2/2
   421 | D:2      | Reached skill level 4 in Armour
   430 | D:2      | Reached XP level 3. HP: 27/32 MP: 3/3
   732 | D:2      | Noticed Robin
   792 | D:2      | Killed Robin
  1289 | D:3      | Reached XP level 4. HP: 24/40 MP: 4/4
  1537 | D:3      | Found an iron altar of Okawaru.
  1604 | D:4      | Noticed an ogre
  1604 | D:4      | Found a staircase to the Ecumenical Temple.
  1633 | D:4      | Slain by an ogre

Illustrated notes

Levels and vault maps discovered:
D:1:      lemuel_arrival_muddy, layout_basic,
          shapermc_ecumenical_altar_starsandcircs
D:2:      layout_loops_ring, uniq_crazy_yiuf_cottage, uniq_robin
D:3:      layout_loops_ring, okawaru_altar_gauntlet_db, serial_rivers,
          chequers_serial_rivers_marsh, chequers_serial_rivers_large_a,
          chequers_serial_rivers_small_3, chequers_serial_rivers_room_b,
          chequers_serial_rivers_small_b, chequers_serial_rivers_micro_c
D:4:      layout_rooms, mainiacjoe_overflow_chevrons, temple_fountains,
          minmay_misc_feat_four_crosses

Skill      XL: |  1  2  3 |
---------------+----------+-----
Armour         | 4 |  4.8
Fighting       | 3 |  3.3
Maces & Flails | 2 |  2.4
Short Blades   | |  0.6
Dodging        | |  0.6
Stealth        | |  0.1
Shields        | |  3.6

Action                     |  1- 3 |  4- 6 || total
---------------------------+-------+-------++-------
  Melee: Flail             |    27 |       ||    27
         Tailslap          |    16 |     9 ||    25
         Mace              |    61 |       ||    61
         Short sword       |    19 |    78 ||    97
    Use: Scroll            |     4 |       ||     4
 Armour: Scale mail        |    49 |    39 ||    88
  Dodge: Dodged            |    42 |    38 ||    80
  Block: Buckler           |    17 |    15 ||    32

Table legend: (Time is in decaauts)
 A = Elapsed time spent in this place.
 B = Non-inter-level travel time spent in this place.
 C = Inter-level travel time spent in this place.
 D = Time resting spent in this place.
 E = Time spent auto-exploring this place.
 F = Levels seen in this place.
 G = Mean time per level.
                   A        B        C        D        E       F      G
               +--------+--------+--------+--------+--------+-----+--------+
         Total |   1665 |   1665 |      0 |    153 |    170 |   4 |  416.2 |
       Dungeon |   1665 |   1665 |      0 |    153 |    170 |   4 |  416.2 |
               +--------+--------+--------+--------+--------+-----+--------+

Top non-repeatable levels by time:
     D:2: 815 daAuts
     D:3: 510 daAuts
     D:1: 310 daAuts
     D:4: 28 daAuts
